AoeStats
← Jaja

Golden Pit

509540945Analyzed
1v1 RM · 7d ago on Sep 27, 2026· 39m 21s· 2 players
Game mode
Random Map
Map size
Tiny (2 player)
Population
200
Speed
Normal
Resources
Standard
Victory
Conquest
Starting age
Dark Age
Ending age
Imperial Age
RankedLock teamsTeams togetherTeam positionsShared explorationLock speedFull tech treeHidden civsTurbo modeCheats
Victory
Defeat
🇭🇺 Burgundians · Hungary
863
+15
🇺🇸 Bulgarians · United States
831
-15
Jaja
11:05 Feudal Age
15:56 Castle Age
15:14 Double-Bit Axe
16:30 Cavalier
17:14 Husbandry
21:34 Fletching
26:36 Bow Saw
26:35 Scale Barding Armor
26:31 Padded Archer Armor
26:50 Town Watch
27:24 Fervor
31:21 Crossbowman
32:36 Forging
32:31 Horse Collar
35:46 Scale Mail Armor
Ajax
14:01 Feudal Age
17:59 Bloodlines
18:20 Arson
26:12 Double-Bit Axe
33:32 Castle Age
34:18 Husbandry
33:42 Pikeman
33:45 Elite Skirmisher
Connection lost

Rejoining the realm…

Still unreachable

The connection could not be restored.

Session expired

The server has moved on; the page needs a fresh start.